 Dungeon Crawl Stone Soup version 0.23.0-3-gf3c87f2df8 (webtiles) character file.

Game seed: 17661208949424006944

779 Kisielow the Firebug (level 7, 0/36 HPs)
             Began as a Deep Elf Fire Elementalist on Feb 21, 2019.
             Slain by an orc
             ... wielding a cursed -3 mace
              (6 damage)
             ... on level 5 of the Dungeon.
             The game lasted 00:13:14 (5113 turns).

Kisielow the Firebug (Deep Elf Fire Elementalist)   Turns: 5113, Time: 00:13:15

Health: 0/36       AC:  3    Str: 10    XL:     7   Next: 54%
Magic:  13/18      EV: 13    Int: 22    God:
Gold:   195        SH:  0    Dex: 18    Spells: 12/18 levels left

rFire    . . .     SeeInvis .   (no weapon)
rCold    . . .     Gourm    .   (no shield)
rNeg     . . .     Faith    +   a - +0 robe
rPois    .         Spirit   .   (no helmet)
rElec    .         Reflect  .   (no cloak)
rCorr    .         Harm     .   e - +0 pair of gloves
MR       .....                  (no boots)
Stlth    ++........             q - amulet of faith
HPRegen  0.12/turn              s - +3 ring of dexterity
MPRegen  0.16/turn              j - +5 ring of strength

@: about to teleport
A: no striking features
a: no special abilities


You were on level 5 of the Dungeon.
You were not hungry.

You visited 1 branch of the dungeon, and saw 5 of its levels.
You also visited: Sewer.

You collected 195 gold pieces.

Inventory:

Armour
 a - a +0 robe (worn)
 e - a +0 pair of gloves (worn)
Jewellery
 g - an uncursed ring of protection from fire
 h - an uncursed ring of positive energy
 j - a +5 ring of strength (right hand)
 l - an uncursed ring of positive energy
 q - an amulet of faith (around neck)
 s - a +3 ring of dexterity (left hand)
Wands
 d - a wand of digging (3)
Scrolls
 b - 4 scrolls of teleportation
 n - a scroll of magic mapping
 p - a scroll of identify
 u - a scroll of amnesia
Potions
 f - 3 potions of curing
 i - a potion of lignification
 m - a potion of invisibility
 o - 3 potions of ambrosia
 r - a potion of flight
Comestibles
 c - 2 rations


   Skills:
 - Level 2.4 Dodging
 - Level 2.4 Stealth
 - Level 6.1 Spellcasting
 + Level 5.0 Conjurations
 * Level 7.2 Fire Magic


You had 12 spell levels left.
You knew the following spells:

 Your Spells              Type           Power        Failure   Level  Hunger
e - Inner Flame           Hex/Fire       ###.....     6%          3    #......
q - Flame Tongue          Conj/Fire      ####.        1%          1    None
w - Throw Flame           Conj/Fire      ####..       1%          2    None

Your spell library contained the following spells:

 Spells                   Type           Power        Failure   Level  Hunger
 Conjure Flame            Conj/Fire      ####....     2%          3    #......
 Sticky Flame             Conj/Fire      ####....     8%          4    ###....
 Fireball                 Conj/Fire      ####......   21%         5    #####..


Dungeon Overview and Level Annotations

Branches:
Dungeon (5/15)
 Temple: D:4-7

Altars:
Gozag
Makhleb
Sif Muna


Message History

Beogh smites you!
Casting: Inner Flame (safe; 6% risk of failure)
Confirm with . or Enter, or press ? or * to list all spells.
Aiming: Inner Flame (safe; 6% risk of failure)
Press: ? - help, Shift-Dir - straight line, p - orc
Okay, then.
Casting: Inner Flame (safe; 6% risk of failure)
Confirm with . or Enter, or press ? or * to list all spells.
Aiming: Inner Flame (safe; 6% risk of failure)
Press: ? - help, Shift-Dir - straight line, f - centaur, p - orc
Aim: a centaur (chance to defeat MR: 78%)
The orc is unaffected.
The orc hits you but does no damage.
The centaur wields a +0 shortbow.
The centaur shoots an arrow.
The arrow hits you!
The centaur shoots an arrow.
The arrow hits you!
* * * LOW HITPOINT WARNING * * *
There is an open door, spattered with blood here.
You see here 2 arrows.
As you read the scroll of teleportation, it crumbles to dust.
You feel strangely unstable. The orc hits you with a cursed -3 mace.
You die...

##.......##
###.........####o..
.'.........o..oo..
#.........####...
#...)..o##
##.....## ##.co##
##o## ### #@# ..#
#.# #.###.## .#
#.##...##
....###.#.....##
#........(.....#
#####.###.####.#
#.######<# #.# ..
#........# #.# #


You could see a centaur, 2 orc priests and 2 orcs.

Vanquished Creatures
  Purgy (Sewer)
  A black bear (D:4)
  2 ogres
  A centaur (D:5)
  A scorpion (D:4)
  2 orc priests
  2 orc wizards (D:4)
  A worker ant (D:4)
  6 adders
  A river rat (D:3)
  2 oozes
  3 worms
  A dart slug (D:1)
  2 leopard geckos
  7 orcs
  4 ball pythons
  8 giant cockroaches
  3 goblins
  5 hobgoblins
  6 jackals (D:4)
  6 kobolds
  2 quokkas
  6 bats
  8 frilled lizards
  5 rats
86 creatures vanquished.

Notes
Turn   | Place    | Note
-------+----------+-------------------------------------------
     0 | D:1      | Kisielow the Deep Elf Fire Elementalist began the quest for
                  | the Orb.
     0 | D:1      | Reached XP level 1. HP: 10/10 MP: 6/6
   183 | D:1      | Reached XP level 2. HP: 15/15 MP: 1/8
   267 | D:1      | Learned a level 2 spell: Throw Flame
  1138 | D:2      | Reached XP level 3. HP: 19/19 MP: 5/10
  1166 | D:2      | Learned a level 3 spell: Inner Flame
  1557 | D:2      | Found a burning altar of Makhleb.
  1568 | D:2      | Found a deep blue altar of Sif Muna.
  1606 | D:2      | Found an opulent altar of Gozag.
  1713 | D:2      | Reached XP level 4. HP: 24/24 MP: 7/12
  2266 | D:3      | Reached skill level 4 in Fire Magic
  2373 | D:3      | Reached skill level 5 in Spellcasting
  2499 | D:3      | Found a glowing drain.
  2503 | Sewer    | Entered a sewer
  2595 | Sewer    | Noticed Purgy
  2745 | Sewer    | Killed Purgy
  2745 | Sewer    | Reached XP level 5. HP: 7/28 MP: 4/15
  3537 | D:4      | Noticed a black bear
  3574 | D:4      | Killed a black bear
  3574 | D:4      | Reached skill level 5 in Fire Magic
  3574 | D:4      | Reached XP level 6. HP: 32/32 MP: 7/17
  4036 | D:4      | Reached skill level 6 in Fire Magic
  4459 | D:4      | Reached XP level 7. HP: 18/36 MP: 6/18
  4976 | D:5      | Entered Level 5 of the Dungeon
  5004 | D:5      | Reached skill level 5 in Conjurations
  5004 | D:5      | Reached skill level 7 in Fire Magic
  5113 | D:5      | Slain by an orc

Skill      XL: |  1  2  3  4  5  6  7 |
---------------+----------------------+-----
Spellcasting   | 4 6 |  6.1
Conjurations   | 2 3 4 5 |  5.0
Fire Magic     | 4 5 6 7 |  7.2
Dodging        | |  2.4
Stealth        | |  2.4

Action                   |  1- 3 |  4- 6 |  7- 9 || total
-------------------------+-------+-------+-------++-------
Melee: Unarmed           |     1 |     1 |       ||     2
 Cast: Flame Tongue      |    23 |    57 |     6 ||    86
       Throw Flame       |    22 |    61 |    13 ||    96
       Inner Flame       |       |       |     2 ||     2
  Use: Scroll            |     6 |     2 |     1 ||     9
       Potion            |       |     7 |     1 ||     8
  Eat: Chunk             |     2 |     2 |     2 ||     6
       Ration            |       |     2 |       ||     2
Armor: Robe              |       |     3 |       ||     3
Dodge: Dodged            |     4 |    23 |     4 ||    31
